 Dungeon Crawl Stone Soup version 0.29.1-13-g9f3cf754e1 (webtiles) character file.

Game seed: 17816237394666564506

493 GobsWane the Ruffian (level 7, 0/56 HPs)
             Began as a Ghoul Gladiator on Jan 28, 2023.
             Was an Initiate of Dithmenos.
             Slain by an ogre
             ... wielding a +0 giant club
              (8 damage)
             ... on level 5 of the Dungeon.
             The game lasted 00:25:52 (6585 turns).

GobsWane the Ruffian (Ghoul Gladiator)              Turns: 6585, Time: 00:25:52

Health: 0/56       AC: 13    Str: 20    XL:     7   Next: 15%
Magic:  6/6        EV:  6    Int:  3    God:    Dithmenos [......]
Gold:   273        SH:  5    Dex: 10    Spells: 6/6 levels left

rFire   . . .      SeeInvis .     - Unarmed
rCold   + . .      Faith    .   (no shield)
rNeg    + + +      Spirit   .   v - +0 plate armour
rPois   ∞          Reflect  +   b - +0 helmet
rElec   .          Harm     .   (no cloak)
rCorr   .          Rampage  .   (no gloves)
Will    .....                   y - +0 pair of boots
Stlth   ..........              n - amulet of reflection
HPRegen 0.00/turn               f - ring of flight
MPRegen 0.10/turn               (no ring)

@: flying, inhibited regen
A: claws 1, cold resistance 1, negative energy resistance 3, inhibited
regeneration, torment resistance 2, devour on kill
a: Renounce Religion


You were on level 5 of the Dungeon.
You worshipped Dithmenos.
Dithmenos was noncommittal.
You visited 2 branches of the dungeon, and saw 7 of its levels.

You collected 273 gold pieces.

Inventory:

Missiles
 d - a javelin (quivered)
 h - 30 stones
Armour
 a - a +0 leather armour
 b - a +0 helmet (worn)
 g - the +1 helmet of the Great Game {rElec rC+++ Str+2 Int-4}
   (You found it on level 3 of the Dungeon)

   Str:       It affects your strength (+2).
   Int:       It affects your intelligence (-4).
   rC:        It renders you almost immune to cold.
   rElec:     It insulates you from electricity.
 t - a +0 ring mail
 u - the +1 robe of Darkness {MP+9 Int+3}
   (You found it on level 4 of the Dungeon)

   Int:       It affects your intelligence (+3).
   MP:        It affects your magic capacity (+9).
 v - a +0 plate armour (worn)
 y - a +0 pair of boots (worn)
Jewellery
 f - a ring of flight (left claw)
 n - an amulet of reflection (around neck)
Wands
 k - a wand of digging (3)
 m - a wand of charming (10)
 w - a wand of polymorph (8)
 x - a wand of flame (12)
Scrolls
 l - 3 scrolls of teleportation
 p - a scroll of enchant armour
Potions
 e - 2 potions of curing
 i - a potion of degeneration
 j - a potion of ambrosia
 o - a potion of cancellation {unknown}
 q - a potion of lignification {unknown}
 r - a potion of brilliance {unknown}
 s - 2 potions of heal wounds
 z - a potion of might {unknown}


   Skills:
 + Level 2.6 Fighting
 + Level 2.1 Throwing
 + Level 2.4 Armour
 + Level 3.3 Dodging
 * Level 3.8 Stealth
 + Level 0.9 Shields
 + Level 6.0 Unarmed Combat


You had 6 spell levels left.
You didn't know any spells.
Your spell library contained the following spells:

 Spells                   Type           Power      Damage    Failure   Level
 Inner Flame              Hex/Fire       0%         N/A       100%        3
 Cause Fear               Hex            0%         N/A       100%        4
 Petrify                  Tmut/Erth      0%         N/A       100%        4
 Irradiate                Conj/Tmut      0%         3d11      100%        5
 Summon Forest            Summ/Tloc      0%         N/A       100%        5
 Summon Mana Viper        Hex/Summ       0%         N/A       100%        5
 Summon Cactus Giant      Summ           0%         N/A       100%        6
 Discord                  Hex            0%         N/A       100%        8
 Sublimation of Blood     Necr           Unusable   N/A       N/A         2

Dungeon Overview and Level Annotations

Branches:
Dungeon (6/15)             Temple (1/1) D:4

Altars:
Dithmenos
Hepliaklqana
Makhleb
Nemelex Xobeh
Okawaru
Qazlal
Ru
Uskayaw
Xom
Yredelemnul

Shops:
D:1 :


Innate Abilities, Weirdness & Mutations

You are immune to poison.
You have sharp fingernails.
Your flesh is cold resistant. (rC+)
You are immune to negative energy. (rN+++)
You do not regenerate when monsters are visible.
You are immune to unholy pain and torment.
You thrive by killing the living.


Message History

Press: ? - help, Q - select action, (/) - cycle Shift-Dir - straight line, f - ogre
Aim: an ogre, wielding a +0 giant club (wandering, hasn't noticed you, 73% to hit)
You throw a throwing net.
The throwing net barely misses the ogre.
Throw: 2 throwing nets
Press: ? - help, Q - select action, (/) - cycle Shift-Dir - straight line, f/p - ogre
Aim: an ogre, wielding a +0 giant club (73% to hit)
You throw a throwing net.
The throwing net barely misses the ogre.
Throw: throwing net
Press: ? - help, Q - select action, (/) - cycle Shift-Dir - straight line, f/p - ogre
Aim: an ogre, wielding a +0 giant club (73% to hit)
You throw a throwing net. The throwing net hits the ogre.
The ogre is caught in the net!
The ogre struggles against the net.
The ogre struggles against the net.
The ogre struggles against the net.
The ogre struggles against the net.
The ogre struggles against the net.
The net rips apart, and the ogre comes free!
The ogre hits you with a +0 giant club!
You barely miss the ogre. The ogre hits you but does no damage.
You barely miss the ogre. You claw the ogre, but do no damage.
You closely miss the ogre.
The ogre hits you with a +0 giant club!!
You scratch the ogre.
The ogre is lightly wounded.
You scratch the ogre but do no damage.
The ogre is lightly wounded.
The ogre hits you with a +0 giant club!
* * * LOW HITPOINT WARNING * * *
You scratch the ogre.
The ogre is moderately wounded.
The ogre barely misses you.
You scratch the ogre. You claw the ogre!
The ogre is severely wounded.
You scratch the ogre.
The ogre is severely wounded.
The ogre hits you with a +0 giant club!
You die...

.........# ............#.........
..........##..........##....#....
......##...................##....
......##....#.........#..........
...##..##...#........#...........
....#...........?................
........#........................
...##............................
...#...........O@....[...........
..............(..................
.#...##...<........###...........
##..........#####..###..##.......
#...##................###.......
#......###............###.......
##.........##.....##...^#.......
#......##........#.............
##.#.##.....##.#.##...........#


You could see an ogre.

Vanquished Creatures
  A black bear (D:5)
  A scorpion (D:5)
  A howler monkey (D:4)
  2 hounds
  A jelly (D:5)
  An iguana (D:4)
  An orc wizard (D:3)
  3 adders (D:2)
  2 white imps
  An ufetubus (D:6)
  A worm (D:3)
  9 dart slugs
  4 orcs
  7 ball pythons
  4 bats
  7 endoplasms
  3 giant cockroaches
  4 goblins
  6 hobgoblins
  13 jackals
  2 quokkas
  6 frilled lizards
  6 kobolds
  6 rats
92 creatures vanquished.

Vanquished Creatures (others)
  A fungus (D:1)
1 creature vanquished.

Grand Total: 93 creatures vanquished

Notes
Turn   | Place    | Note
-------+----------+-------------------------------------------
     0 | D:1      | GobsWane the Ghoul Gladiator began the quest for the Orb.
     0 | D:1      | Reached XP level 1. HP: 17/17 MP: 0/0
   501 | D:1      | Reached XP level 2. HP: 24/24 MP: 1/1
   530 | D:1      | Found Foovebol's Book Emporium.
  1080 | D:1      | Found a faded altar of an unknown god.
  1088 | D:1      | Reached XP level 3. HP: 30/30 MP: 2/2
  1125 | D:1      | Reached skill level 4 in Unarmed Combat
  1441 | D:2      | Reached skill level 1 in Armour
  1546 | D:2      | Reached skill level 1 in Stealth
  1598 | D:2      | Reached XP level 4. HP: 21/37 MP: 3/3
  3060 | D:3      | Identified the +1 helmet of the Great Game {rElec rC+++
                  | Str+2 Int-4}
  3087 | D:3      | Reached XP level 5. HP: 20/42 MP: 4/4
  3965 | D:3      | Lost intelligence.
  4582 | D:4      | Found a staircase to the Ecumenical Temple.
  4876 | D:4      | Reached skill level 5 in Unarmed Combat
  4876 | D:4      | Reached XP level 6. HP: 50/50 MP: 5/5
  5189 | Temple   | Entered the Ecumenical Temple
  5344 | Temple   | Became a worshipper of Dithmenos the Shadowed
  5462 | D:4      | Identified the +1 robe of Darkness {MP+9 Int+3}
  5538 | D:5      | Entered Level 5 of the Dungeon
  5679 | D:5      | Noticed a black bear
  5703 | D:5      | Killed a black bear
  6358 | D:5      | Reached XP level 7. HP: 56/56 MP: 6/6
  6446 | D:5      | Reached skill level 6 in Unarmed Combat
  6585 | D:5      | Slain by an ogre

Illustrated notes

Levels and vault maps discovered:
D:1:      dpeg_arrival_concentric_ovals, layout_basic,
          shapermc_ecumenical_altar_mp_urbaneastern, serial_shops,
          nicolae_diamond_shop, grunt_decor_resistance
D:2:      layout_basic, serial_glass, glass_columns_a, glass_columns_b,
          glass_columns_a, glass_columns_a, glass_columns_b, glass_columns_a
D:3:      layout_basic
D:4:      layout_basic, minmay_temple_entry_antechambers
D:5:      layout_cave_pools, zin_statuary,
          mainiacjoe_overflow_concentric_impassable
D:6:      kennysheep_windowed_halls, layout_basic, gammafunk_ghost_nasty_kobolds
Temple:   compressed_dpeg_circular_temple

Skill      XL: |  1  2  3  4  5  6  7 |
---------------+----------------------+-----
Throwing       | 2 |  2.1
Unarmed Combat | 4 5 6 |  6.0
Armour         | 1 2 |  2.4
Stealth        | 1 2 3 |  3.8
Dodging        | 3 |  3.3
Fighting       | |  2.6
Shields        | |  0.9

Action                   |  1- 3 |  4- 6 |  7- 9 || total
-------------------------+-------+-------+-------++-------
Melee: Unarmed           |   110 |   216 |    16 ||   342
       Punch             |     2 |     7 |     2 ||    11
Throw: Throwing net      |       |     3 |     3 ||     6
  Use: Scroll            |       |     7 |       ||     7
       Potion            |       |     2 |       ||     2
 Stab: Sleeping          |       |     6 |       ||     6
Armor: Leather armour    |    32 |    34 |       ||    66
       Ring mail         |       |     5 |       ||     5
       Plate armour      |       |    54 |     6 ||    60
Dodge: Dodged            |    69 |   126 |     2 ||   197
Block: Other             |       |    29 |     1 ||    30
       Reflection        |       |     3 |       ||     3
